[Event "45th FIDE Olympiad 2024"]
[Site "Budapest"]
[Date "2024.09.19"]
[Round "8.27"]
[White "Paichadze, Luka"]
[Black "L'ami, Erwin"]
[Result "1-0"]
[ECO "C45"]
[WhiteElo "2516"]
[BlackElo "2628"]
[Annotator "TA"]
[PlyCount "89"]
[EventDate "2024.09.05"]
[EventType "team-tourn"]
[EventCountry "HUN"]
[SourceTitle "playchess.com"]
[Source "ChessBase"]
[SourceQuality "1"]
[WhiteTeam "Georgia"]
[BlackTeam "Netherlands"]
[WhiteTeamCountry "GEO"]
[BlackTeamCountry "NED"]
[TimeControl "40/5400+30:1800+30"]

1. e4 e5 2. Nf3 Nc6 3. d4 exd4 4. Nxd4 Nf6 5. Nxc6 bxc6 6. Bd3 d5 7. exd5 cxd5 8. O-O Be7 9. h3 O-O 10. Nd2 a5 11. a4 {[%emt 0:00:15] The position is equal.} Bb7 12. Re1 Ne4 13. Nxe4 dxe4 14. Bc4 Bd6 {[%emt 0:07:01] Prevents Bf4} 15. Qh5 Kh8 16. Bd2 (16. Bxf7 $2 {perishes.} Qf6 17. Be3 Rxf7 $19 (17... Qxf7 $2 18. Qxf7 Rxf7 19. Red1 $19)) 16... f5 17. Bc3 Qe7 {[%emt 0:01:38] Prevents Be6.} 18. Rad1 Be5 19. Bxe5 Qxe5 20. b3 Bc6 21. Rd2 Rf6 22. Red1 (22. Qd1 {simplifies} Rd6 23. Rxd6 cxd6 24. Qa1) 22... Raf8 23. Rd8 e3 24. Qe2 f4 25. fxe3 f3 26. Rxf8+ $40 {[%emt 0:00:49][%mdl 128] White is up to no good.} Rxf8 27. Qf2 Qg5 (27... Be4 $11) 28. Rd4 $14 h6 29. Bd3 Qe7 30. g3 g5 31. g4 (31. Kf1 $1 $16) 31... Qe5 32. Bf5 h5 33. e4 h4 {[%emt 0:01:12] [#]} (33... hxg4 $16 34. hxg4 Kg7) 34. Rd3 $2 (34. Kf1 $1 $18) 34... Qa1+ $1 ({Much worse is} 34... Bxe4 $6 35. Bxe4 Qxe4 36. Qd4+ Qxd4+ 37. Rxd4 $16) 35. Qf1 f2+ $1 36. Kxf2 Qxf1+ 37. Kxf1 Bxe4 38. Rd2 Bxf5 {[%emt 0:00:12][%mdl 4096] Endgame. KRB-KR} 39. Rf2 Kg7 $2 40. Rxf5 $18 Rxf5+ (40... Rd8 $142 41. Rxg5+ (41. Rxa5 Kg6 $18) 41... Kf7 42. Rxa5 Rd1+ 43. Ke2 Rh1 44. Rf5+ Ke6) 41. gxf5 c5 42. Ke2 Kf6 {[%emt 0:00:07] [#]} 43. c3 $1 Kg7 44. Kf3 Kf7 45. Kg4 {[%emt 0:00:00] Weighted Error Value: White=0.14 (very precise) /Black=0.43.  Loses game:     	---       	Black=1      Missed win:     	White=1     	---        Mistake:       	White=1     	Black=3      Inaccurate:     	White=2     	Black=1      OK:         	White=18    	Black=11     Best:        	White=3     	Black=4      Strong:       	---       	Black=2} 1-0

[Event "45th FIDE Olympiad 2024"]
[Site "Budapest"]
[Date "2024.09.19"]
[Round "8.27"]
[White "Gontcharov, Dimitri"]
[Black "Ormsby, Alan"]
[Result "1/2-1/2"]
[WhiteElo "1653"]
[BlackElo "1914"]
[PlyCount "61"]
[EventDate "2024.09.05"]
[EventType "team-tourn"]
[EventCountry "HUN"]
[WhiteTeam "Bermuda"]
[BlackTeam "Isle of Man"]
[WhiteTeamCountry "BER"]
[BlackTeamCountry "IOM"]
[TimeControl "40/5400+30:1800+30"]

1. e4 g6 2. d4 Bg7 3. Nf3 d6 4. Bc4 e6 5. Nc3 a6 6. Bg5 Ne7 7. a4 b6 8. O-O h6 9. Be3 Nd7 10. Qd2 Bb7 11. Bb3 Nf6 12. d5 e5 13. h3 Qd7 14. Qd3 g5 15. Ne2 Nh5 16. a5 b5 17. c4 O-O 18. c5 dxc5 19. Bxc5 Nf4 20. Nxf4 gxf4 21. Qc3 Ng6 22. Bxf8 Rxf8 23. Rac1 Rc8 24. Rfd1 Bf6 25. Qc5 Qe7 26. Qxe7 Bxe7 27. Rc2 Bd6 28. Rdc1 Kf8 29. g3 Ke8 30. Kg2 Kd7 31. Ng1 1/2-1/2

[Event "45th FIDE Olympiad 2024"]
[Site "Budapest"]
[Date "2024.09.19"]
[Round "8.28"]
[White "Bok, Benjamin"]
[Black "Jobava, Baadur"]
[Result "1-0"]
[ECO "D17"]
[WhiteElo "2596"]
[BlackElo "2582"]
[Annotator "TA"]
[PlyCount "101"]
[EventDate "2024.09.05"]
[EventType "team-tourn"]
[EventCountry "HUN"]
[SourceTitle "playchess.com"]
[Source "ChessBase"]
[SourceQuality "1"]
[WhiteTeam "Netherlands"]
[BlackTeam "Georgia"]
[WhiteTeamCountry "NED"]
[BlackTeamCountry "GEO"]
[TimeControl "40/5400+30:1800+30"]

1. d4 d5 2. c4 c6 3. Nf3 Nf6 4. Nc3 dxc4 5. a4 Bf5 6. Ne5 Nbd7 7. Nxc4 Nb6 8. Ne5 a5 9. h4 g6 10. f3 Be6 11. e4 {[%emt 0:00:53][%cal Od4d5] The position is equal.} Bg7 12. Be3 Nh5 13. Bd3 f6 {[%emt 0:19:50] [#]} (13... Ng3 $15 14. Rg1 f5) 14. d5 $1 $14 fxe5 15. dxe6 Nc8 (15... Nf4 $14 16. Bf1 Qxd1+ 17. Rxd1 Nc8) 16. Kf2 $16 {[%emt 0:06:34][%cal Be1f2,Bf2g1,Bg1h2,Bh2g2][%mdl 32] Black is weak on the light squares} O-O 17. Bc4 (17. g3 $142) 17... Nd6 18. Bb3 {[%emt 0:00:36] Active counter play!} Nf6 (18... b5 $1 $11 {keeps the balance.}) 19. Kg1 {[%emt 0:01:46] Black is on the road to losing.} Nh5 20. Kh2 Kh8 21. g3 Rf6 22. Kg2 Qf8 23. Qe2 Ra6 24. Rad1 Bh6 {[%emt 0:00:38] [#]} 25. Bg5 Rb6 26. Ba2 Qg7 $2 (26... Bg7 27. Rd3 Rb4) 27. Rxd6 $18 (27. Bxf6 Qxf6 28. Qf2 Rb4 $16) 27... exd6 28. e7 Qxe7 {[%emt 0:00:03] aiming for ...Bxg5.} 29. Bxh6 Qd7 30. Rd1 Rb4 31. Bc4 Ng7 32. b3 Ne6 33. Be3 {[%emt 0:00:16] Against Nd4} h5 34. Na2 Rxc4 35. Qxc4 (35. bxc4 c5 36. Nc3 Nd4 37. Bxd4 cxd4) 35... Kh7 36. Nc3 Qe7 37. b4 Rxf3 38. Qe2 (38. Kxf3 $2 {too greedy.} Qf7+ 39. Kg2 Nf4+ 40. gxf4 Qxc4 41. bxa5 Qxc3 $19) 38... Rf8 39. bxa5 Nf4+ 40. Bxf4 (40. gxf4 exf4 41. Rf1 fxe3 42. Rxf8 (42. Qxe3 Rxf1 43. Kxf1 Qxh4 $16) 42... Qxf8 43. Qxe3 Qe7 $18) 40... exf4 41. Rf1 fxg3 42. Rxf8 Qxf8 43. Qf3 {[%emt 0:02:41] Prevents Qf4.} ({Less strong is} 43. Kxg3 Qg7 $16) 43... Qxf3+ (43... Qe7 44. Qxg3 (44. Kxg3 Qe5+ 45. Kg2 Kg7 $18) 44... Qe6) 44. Kxf3 {[%emt 0:00:07][%cal Oc3b5][%mdl 4096] Endgame. Hoping for Nb5! KN-KP} g5 45. hxg5 h4 46. Ne2 d5 47. e5 {[%emt 0:04:24][%cal Be4e5,Be5e6,Be6e7][%mdl 32] White mates.} c5 48. e6 Kg7 49. Nf4 d4 50. e7 Kf7 51. Nd5 {[%emt 0:00:06] Weighted Error Value: White=0.12 (very precise) /Black=0.44.  Mistake:       	White=1     	Black=5      Inaccurate:     	White=5     	Black=3      OK:         	White=21    	Black=12     Best:        	---       	Black=1      Brilliant:      	White=1     	---} 1-0

[Event "45th FIDE Olympiad 2024"]
[Site "Budapest"]
[Date "2024.09.19"]
[Round "8.28"]
[White "Miah, Zahed"]
[Black "Dennis, Nathan"]
[Result "1-0"]
[WhiteElo "1895"]
[BlackElo "1828"]
[PlyCount "83"]
[EventDate "2024.09.05"]
[EventType "team-tourn"]
[EventCountry "HUN"]
[WhiteTeam "Isle of Man"]
[BlackTeam "Bermuda"]
[WhiteTeamCountry "IOM"]
[BlackTeamCountry "BER"]
[TimeControl "40/5400+30:1800+30"]

1. e4 Nf6 2. e5 Nd5 3. d4 d6 4. c4 Nb6 5. exd6 cxd6 6. Nc3 g6 7. Be3 Bg7 8. Rc1 O-O 9. Be2 Nc6 10. Nf3 d5 11. b3 dxc4 12. bxc4 Bg4 13. d5 Bxf3 14. gxf3 Ne5 15. Qb3 Qc7 16. c5 Nc8 17. Ne4 Nd7 18. O-O a6 19. Rfd1 Be5 20. h3 Na7 21. d6 exd6 22. cxd6 Qb8 23. f4 Bg7 24. Rc7 Qe8 25. Bf3 Nc6 26. Qxb7 Na5 27. Qd5 Nf6 28. Nxf6+ Bxf6 29. Qxa5 Rb8 30. Qd5 Bd8 31. Rb7 Rxb7 32. Qxb7 Qe6 33. Qxa6 Qxh3 34. Qc6 Qe6 35. a4 h5 36. d7 Qxc6 37. Bxc6 Kg7 38. Bd4+ f6 39. Re1 Rh8 40. Re8 Kh7 41. Rxd8 Rxd8 42. Bxf6 1-0

[Event "45th FIDE Olympiad 2024"]
[Site "Budapest"]
[Date "2024.09.19"]
[Round "8.29"]
[White "Keymer, Vincent"]
[Black "Brkic, Ante"]
[Result "1-0"]
[ECO "A22"]
[WhiteElo "2730"]
[BlackElo "2642"]
[Annotator "TA"]
[PlyCount "107"]
[EventDate "2024.09.05"]
[EventType "team-tourn"]
[EventCountry "HUN"]
[SourceTitle "playchess.com"]
[Source "ChessBase"]
[SourceQuality "1"]
[WhiteTeam "Germany"]
[BlackTeam "Croatia"]
[WhiteTeamCountry "GER"]
[BlackTeamCountry "CRO"]
[TimeControl "40/5400+30:1800+30"]

1. c4 e5 2. g3 Nf6 3. Bg2 d5 4. cxd5 Nxd5 5. Nc3 Nxc3 6. bxc3 Bd6 7. Rb1 {[%emt 0:06:57] A22: English Opening: 1...e5 2 Nc3 Nf6.} Nc6 8. Nf3 O-O 9. Qc2 $146 ({Predecessor:} 9. O-O e4 10. Ne1 Re8 11. f3 e3 12. d4 Qg5 13. f4 Qh5 14. c4 Qg6 15. Rb3 Na5 16. Rc3 Bg4 17. c5 {1-0 Pech,J-Koenig,M DESC SE242 email 2014}) 9... Rb8 10. h4 Qe8 11. Ng5 f5 12. Qb3+ Kh8 13. Bd5 Nd8 14. d4 exd4 15. cxd4 c6 16. Bg2 Ne6 17. d5 cxd5 18. Bxd5 Nc5 $1 19. Qc4 (19. Qe3 {simplifies} Bd7 20. Qxe8 Bxe8 21. Be3) 19... b5 20. Qd4 Rb6 21. Bb2 Qe7 22. h5 (22. Qxg7+ Qxg7 23. Bxg7+ Kxg7 $19) 22... h6 $1 ({Much weaker is} 22... Qxg5 $6 23. h6 Rg8 24. hxg7+ Rxg7 25. Rc1 $18) 23. Nf3 Re8 (23... Rd8 $11 {remains equal.} 24. Nh4 Be5 25. Qxe5 Qxe5 26. Bxe5 Rxd5) 24. O-O $16 Nd7 (24... Na4 $16) 25. Nh4 $18 Nf8 (25... Bc5 $142 26. Qf4 Qg5) 26. Rbc1 $18 Bd7 27. Ng6+ Nxg6 28. hxg6 Be5 (28... Rf8 $16 {was necessary.} 29. e4 fxe4 30. Bxe4 Ra6) 29. Qxe5 $18 Qxe5 30. Bxe5 Rxe5 31. Bf7 Rb8 32. Rc7 Be8 {[%emt 0:01:07] [#]} (32... Be6 {is a better defense.} 33. Re7 (33. Rxa7 Bxf7 34. gxf7 g5 $16) 33... Bxf7 34. Rxe5 Bxg6) 33. Rfc1 $1 $18 (33. Rxa7 Rxe2 34. Rb1 Bc6 $18) 33... Bxf7 34. gxf7 (34. Rxf7 Re6 35. Rcc7 (35. Rxf5 Rxg6 36. Rb1 a6 $11) 35... Rxg6 $14) 34... Rd5 35. Rxa7 (35. f3 $142 {[%cal Oe2e4] Threatens to win with e4!} g5 36. e4 (36. Rxa7 Rf8 $16) 36... fxe4 37. fxe4) 35... Kh7 $18 36. Rc6 Re5 37. e3 Rf8 38. Rcc7 ({White should try} 38. Kg2 $18) 38... g5 $16 39. Ra5 f4 40. exf4 gxf4 41. gxf4 Re4 42. Rxb5 Ra4 43. f5 Kg7 44. Rb6 Rxa2 (44... Rxf7 $16 45. Rg6+ Kf8) 45. Rg6+ $18 Kh7 46. Rcc6 Rxf7 47. Rxh6+ Kg8 $2 (47... Kg7 $16) 48. f6 $18 Ra5 49. Kg2 Ra8 50. Rc5 Rff8 51. Kg3 Kf7 52. Rc7+ Ke6 53. f7+ Kd5 54. Kf4 1-0

[Event "45th FIDE Olympiad 2024"]
[Site "Budapest"]
[Date "2024.09.19"]
[Round "8.29"]
[White "Than, Min Hlaing"]
[Black "Blackman, Justin"]
[Result "0-1"]
[WhiteElo "2121"]
[BlackElo "2265"]
[PlyCount "80"]
[EventDate "2024.09.05"]
[EventType "team-tourn"]
[EventCountry "HUN"]
[WhiteTeam "Myanmar"]
[BlackTeam "Barbados"]
[WhiteTeamCountry "MYA"]
[BlackTeamCountry "BAR"]
[TimeControl "40/5400+30:1800+30"]

1. Nf3 Nc6 2. d4 e6 3. c4 Nf6 4. Bg5 h6 5. Bxf6 Qxf6 6. e3 d6 7. Nc3 a6 8. Bd3 g6 9. O-O Bg7 10. h3 O-O 11. a3 Bd7 12. Rc1 Rae8 13. b4 Qd8 14. b5 Nb8 15. a4 e5 16. c5 exd4 17. exd4 dxc5 18. dxc5 Be6 19. Qc2 Nd7 20. Rfd1 Nxc5 21. Bxg6 Qc8 22. Bh7+ Kh8 23. Nd5 b6 24. bxa6 Rd8 25. Be4 Nxe4 26. Qxe4 Qa8 27. Rxc7 Bxd5 28. Qf4 Qxa6 29. Ne5 Qe2 30. Rxd5 Rxd5 31. Nxf7+ Kg8 32. Nxh6+ Bxh6 33. Qxh6 Qe1+ 34. Kh2 Qe5+ 35. f4 Qxc7 36. Qg6+ Qg7 37. Qe6+ Qf7 38. Qg4+ Kh8 39. g3 Qh5 40. Qxh5+ Rxh5 {0-} 0-1

[Event "45th FIDE Olympiad 2024"]
[Site "Budapest"]
[Date "2024.09.19"]
[Round "8.30"]
[White "Martinovic, Sasa"]
[Black "Kollars, Dmitrij"]
[Result "1/2-1/2"]
[ECO "D37"]
[WhiteElo "2563"]
[BlackElo "2659"]
[Annotator "RC"]
[PlyCount "198"]
[EventDate "2024.09.05"]
[EventType "team-tourn"]
[EventCountry "HUN"]
[SourceTitle "playchess.com"]
[Source "ChessBase"]
[SourceQuality "1"]
[WhiteTeam "Croatia"]
[BlackTeam "Germany"]
[WhiteTeamCountry "CRO"]
[BlackTeamCountry "GER"]
[TimeControl "40/5400+30:1800+30"]

1. d4 Nf6 2. c4 e6 3. Nf3 d5 4. Nc3 Be7 5. Bf4 c5 6. dxc5 Bxc5 7. e3 Nc6 8. Qc2 Nb4 9. Qb1 O-O 10. a3 Nc6 11. Qc2 Re8 12. Bg5 Be7 13. Rd1 Qa5 14. Be2 h6 15. Bh4 Ne4 16. Bxe7 Nxe7 17. Rc1 Bd7 18. Ne5 Red8 19. Nxd7 Rxd7 20. cxd5 Nxc3 21. Qxc3 Qxd5 22. O-O Rc8 23. Qe1 Rdc7 24. Rxc7 Rxc7 25. Bf3 Qe5 26. Qd2 g6 27. Rd1 Kg7 28. g3 Qf5 29. Kg2 Rc2 30. Qb4 Nc6 31. Qxb7 Ne5 32. Rd4 g5 33. h3 h5 34. Qe4 Qxe4 35. Rxe4 Nd3 36. Bxh5 Nxf2 37. Ra4 Ne4+ 38. Kg1 Rc1+ 39. Kg2 Rc2+ 40. Kg1 Nxg3 41. Bf3 Rxb2 42. Rxa7 Ra2 43. a4 Kf6 44. a5 Ke5 45. Rxf7 Nf5 46. Bg4 Nxe3 47. Rg7 Kf6 48. Ra7 Nxg4 49. hxg4 Ke5 50. Rf7 Rxa5 51. Kg2 Rd5 52. Kg3 Rd3+ 53. Kg2 Re3 54. Kf2 Rc3 55. Kg2 Rc5 56. Kf3 Kd4 57. Rd7+ Rd5 58. Ra7 Rb5 59. Rd7+ Ke5 60. Rf7 Rd5 61. Rf8 Rc5 62. Rf7 Rc1 63. Kf2 Rd1 64. Rf8 Rd3 65. Rf7 Rc3 66. Rf8 Kd4 67. Rf6 Re3 68. Rg6 Re5 69. Kf3 Kd3 70. Rg8 Rd5 71. Ra8 Kd4 72. Ra4+ Ke5 73. Ke3 Rb5 74. Re4+ Kf6 75. Kf3 Rb3+ 76. Kf2 Rc3 77. Kg2 Rd3 78. Kf2 Ke7 79. Ra4 Kd6 80. Ra8 Rd4 81. Kg3 Ke7 82. Kf3 Kf7 83. Rb8 Rd3+ 84. Kf2 Ke7 85. Rg8 Rd5 86. Kf3 Rc5 87. Ke3 Kf7 88. Ra8 Kf6 89. Rf8+ Ke5 90. Kf3 Rc3+ 91. Kf2 Kd4 92. Rg8 Rc5 93. Rg6 Re5 94. Kf3 Kd3 95. Rg8 Rd5 96. Ra8 Rc5 97. Rd8+ Rd5 98. Ra8 Rc5 99. Rd8+ Rd5 1/2-1/2

[Event "45th FIDE Olympiad 2024"]
[Site "Budapest"]
[Date "2024.09.19"]
[Round "8.30"]
[White "Lynch, Kemp"]
[Black "Kyaw, Zay Ya"]
[Result "0-1"]
[WhiteElo "1944"]
[BlackElo "1818"]
[PlyCount "56"]
[EventDate "2024.09.05"]
[EventType "team-tourn"]
[EventCountry "HUN"]
[WhiteTeam "Barbados"]
[BlackTeam "Myanmar"]
[WhiteTeamCountry "BAR"]
[BlackTeamCountry "MYA"]
[TimeControl "40/5400+30:1800+30"]

1. d4 d5 2. c4 c6 3. Nf3 Nf6 4. g3 Bf5 5. Nc3 e6 6. Bg2 Nbd7 7. O-O Bd6 8. Nd2 O-O 9. e4 dxe4 10. Ndxe4 Nxe4 11. Nxe4 Be7 12. Be3 Nf6 13. Nc3 Qd7 14. h3 Rad8 15. Rc1 b5 16. cxb5 cxb5 17. a3 a5 18. Ne2 Nd5 19. Nf4 Nxf4 20. Bc6 Nxh3+ 21. Kg2 Qd6 22. g4 Nf4+ 23. Kf3 Nd3 24. gxf5 Nxc1 25. Be4 exf5 26. Bxf5 Qf6 27. Qc2 Rd5 28. Kg4 h5+ {0-} 0-1

[Event "45th FIDE Olympiad 2024"]
[Site "Budapest"]
[Date "2024.09.19"]
[Round "8.31"]
[White "Bluebaum, Matthias"]
[Black "Livaic, Leon"]
[Result "1-0"]
[ECO "E92"]
[WhiteElo "2640"]
[BlackElo "2550"]
[Annotator "TA"]
[PlyCount "59"]
[EventDate "2024.09.05"]
[EventType "team-tourn"]
[EventCountry "HUN"]
[SourceTitle "playchess.com"]
[Source "ChessBase"]
[SourceQuality "1"]
[WhiteTeam "Germany"]
[BlackTeam "Croatia"]
[WhiteTeamCountry "GER"]
[BlackTeamCountry "CRO"]
[TimeControl "40/5400+30:1800+30"]

1. c4 Nf6 2. Nc3 g6 3. e4 d6 4. d4 Bg7 5. h3 O-O 6. Be3 e5 7. d5 Na6 8. Be2 Nc5 9. Qc2 a5 10. Nf3 Qe7 11. g4 c6 12. Nd2 Bd7 13. g5 Ne8 14. h4 Nc7 15. f3 {[%emt 0:12:01] White is better.} a4 16. h5 Rfc8 (16... cxd5 $11 {is more appropriate.} 17. exd5 e4 18. Ndxe4 (18. Ncxe4 Bf5 $14) 18... Nxe4 19. Nxe4 (19. Qxe4 Rfe8 $11) 19... a3) 17. Kf2 cxd5 18. exd5 N7a6 $1 19. Nde4 Bf5 ({Better is} 19... Nxe4+ 20. Qxe4 (20. fxe4 f5 $16) (20. Nxe4 b5 $14) 20... Bf5) 20. Qd2 {[%emt 0:01:55] White is more active.} (20. Nxa4 Nb4 21. Qd1 Nxe4+ (21... Nxa4 22. Qb3 $17) 22. fxe4 Bxe4 $17) 20... Nxe4+ (20... gxh5 $16 21. Ng3 (21. Rxh5 Bg6 $16) 21... Bg6) 21. fxe4 $18 {[%emt 0:03:17] [#] Black must now prevent h6.} Bd7 22. Rag1 Nc5 23. Rh2 Qd8 24. hxg6 hxg6 25. Rgh1 (25. Kg2 $18) 25... Qa5 $2 {[%emt 0:00:10][%mdl 8192] This costs Black the game.} (25... b5 $16 {is a better chance.}) 26. Kg2 {[%emt 0:02:12] White is clearly winning.} a3 27. b3 b5 (27... Rf8 $142 28. Rh4 Qb4) 28. Qe1 {[%emt 0:04:17] And now Rh7 would win.} (28. Nxb5 $2 {is the wrong capture.} Qxd2 29. Bxd2 Nxe4 $19) ({And not} 28. cxb5 Nxb3 29. axb3 Qxc3 $17 (29... Rxc3 30. Bc4 $11)) 28... Be8 29. Rh7 ({Less strong is} 29. Nxb5 Qxe1 30. Rxe1 Bxb5 $16) 29... bxc4 {[%emt 0:00:04] [#]} 30. Qh4 $1 {[%emt 0:01:19] Weighted Error Value: White=0.18 (very precise) /Black=0.53.  Loses game:     	---       	Black=1      Mistake:       	White=1     	Black=4      Inaccurate:     	White=1     	Black=1      OK:         	White=4     	Black=4      Best:        	White=1     	Black=1      Strong:       	---       	Black=1} 1-0

[Event "45th FIDE Olympiad 2024"]
[Site "Budapest"]
[Date "2024.09.19"]
[Round "8.31"]
[White "Zaw, Ye Htut"]
[Black "Corbin, Philip"]
[Result "1-0"]
[WhiteElo "1815"]
[BlackElo "1916"]
[PlyCount "51"]
[EventDate "2024.09.05"]
[EventType "team-tourn"]
[EventCountry "HUN"]
[WhiteTeam "Myanmar"]
[BlackTeam "Barbados"]
[WhiteTeamCountry "MYA"]
[BlackTeamCountry "BAR"]
[TimeControl "40/5400+30:1800+30"]

1. e4 c5 2. Nf3 e6 3. d4 cxd4 4. Nxd4 Nf6 5. Nc3 d6 6. Bg5 Be7 7. Qd2 a6 8. O-O-O b5 9. a3 Bb7 10. Nb3 Nbd7 11. Qe1 Qc7 12. f4 Rc8 13. Rd2 O-O 14. Bd3 Rfe8 15. Rf1 e5 16. f5 d5 17. exd5 Bxa3 18. Ne4 Bxd5 19. bxa3 Bxb3 20. Qg3 Nxe4 21. Bxe4 Nc5 22. Bf6 g6 23. fxg6 fxg6 24. Bxg6 e4 25. Bf7+ Kxf7 26. Bd8+ 1-0

[Event "45th FIDE Olympiad 2024"]
[Site "Budapest"]
[Date "2024.09.19"]
[Round "8.32"]
[White "Stevic, Hrvoje"]
[Black "Svane, Frederik"]
[Result "0-1"]
[ECO "B22"]
[WhiteElo "2531"]
[BlackElo "2640"]
[Annotator "TA"]
[PlyCount "50"]
[EventDate "2024.09.05"]
[EventType "team-tourn"]
[EventCountry "HUN"]
[SourceTitle "playchess.com"]
[Source "ChessBase"]
[SourceQuality "1"]
[WhiteTeam "Croatia"]
[BlackTeam "Germany"]
[WhiteTeamCountry "CRO"]
[BlackTeamCountry "GER"]
[TimeControl "40/5400+30:1800+30"]

1. e4 c5 2. c3 Nf6 3. e5 Nd5 4. Nf3 d6 5. Bb5+ Bd7 6. Bc4 e6 7. d4 dxe5 8. Nxe5 {[%emt 0:02:02] White has an edge.} Nc6 9. Nxd7 Qxd7 10. dxc5 Bxc5 11. O-O O-O-O 12. Nd2 Qc7 13. Qc2 Ne5 14. Be2 {[%emt 0:02:54] Against Ng4} h5 15. Ne4 Bb6 {[%emt 0:08:32] Threatens to win with ...Ng4.} 16. c4 f5 (16... Nb4 {simplifies} 17. Qc3 Nbd3 18. c5 Nxc5 19. Nxc5 Qxc5 20. Qxc5+ Bxc5 21. Bg5 Rd5) 17. Ng5 Ng4 $1 {[%emt 0:00:05][%csl Gg4][%cal Rc7h2] Excellent horsemanship.} 18. g3 {[%emt 0:10:02] [#]} (18. Bxg4 $1 $15 hxg4 19. g3) 18... Nde3 $1 $40 {[%emt 0:00:29][%mdl 640] Black wants a kill. Black has more active pieces. The white rooks are passive.} 19. fxe3 Nxe3 20. Bxe3 Bxe3+ 21. Kh1 Bxg5 {[%emt 0:02:59] White is weak on the dark squares} 22. Rad1 {[%emt 0:00:05] Repels Rd2} Rxd1 23. Qxd1 (23. Bxd1 {was necessary.} h4 24. g4) 23... h4 $19 24. g4 {[%emt 0:00:03] [#]} (24. Kg2 {is the only way for White.}) 24... Rd8 25. Qa4 (25. Qb3 $142 Rd2 26. Qf3) 25... Qe5 {[%emt 0:02:17][%csl LRb2,LRe2] Weighted Error Value: White=0.50/Black=0.04 (flawless) .  Mistake:       	White=4     	---        Inaccurate:     	White=3     	Black=1      OK:         	White=7     	Black=6      Best:        	White=1     	Black=3      Strong:       	---       	Black=1      Brilliant:      	---       	Black=1} 0-1

[Event "45th FIDE Olympiad 2024"]
[Site "Budapest"]
[Date "2024.09.19"]
[Round "8.32"]
[White "Depradine, Lawrence"]
[Black "Linn, Phone Myat"]
[Result "1/2-1/2"]
[WhiteElo "1782"]
[BlackElo "1763"]
[PlyCount "110"]
[EventDate "2024.09.05"]
[EventType "team-tourn"]
[EventCountry "HUN"]
[WhiteTeam "Barbados"]
[BlackTeam "Myanmar"]
[WhiteTeamCountry "BAR"]
[BlackTeamCountry "MYA"]
[TimeControl "40/5400+30:1800+30"]

1. c4 Nf6 2. Nc3 e6 3. Nf3 b6 4. e4 d6 5. d3 Be7 6. g3 O-O 7. Bg2 Bb7 8. O-O Nbd7 9. b3 c5 10. Re1 Re8 11. Bb2 Ne5 12. Qc2 a6 13. Nd2 Nc6 14. Nf3 Nd7 15. Rad1 Nde5 16. Nxe5 dxe5 17. Ne2 Qc7 18. h4 Rad8 19. h5 h6 20. Bc3 Rd7 21. Qb2 Red8 22. Nc1 Nd4 23. Ne2 Nc6 24. Nc1 Bg5 25. Bf1 f6 26. a3 b5 27. Qb1 Na5 28. Na2 bxc4 29. dxc4 Rxd1 30. Rxd1 Rxd1 31. Qxd1 Bxe4 32. Qe1 Bb7 33. Kh2 Qc6 34. Bh3 Nxb3 35. f4 exf4 36. Bxe6+ Kf8 37. Bd5 Qd7 38. Bxb7 Qxb7 39. Qd1 fxg3+ 40. Kxg3 Qc7+ 41. Kg2 Qc6+ 42. Kg3 Nd4 43. Bxd4 Qd6+ 44. Kg2 cxd4 45. Qf3 Qe5 46. Nb4 f5 47. Nc6 Qc5 48. Nb4 Qe5 49. Nc6 Qc5 50. Nb8 Qxc4 51. Qxf5+ Kg8 52. Nd7 Qe2+ 53. Kg3 Qxh5 54. Qf8+ Kh7 55. Qf5+ Kg8 1/2-1/2